 Dungeon Crawl Stone Soup version 0.24.0-123-gd5b16e6ec5 (webtiles) character file.

Game seed: 6293745367999690630, levelgen mode: deterministic

28 Elellon the Chopper (level 2, -2/27 HPs)
             Began as a Deep Dwarf Fighter on Jan 1, 2020.
             Slain by Natasha (6 damage)
             ... on level 2 of the Dungeon.
             The game lasted 00:02:39 (698 turns).

Elellon the Chopper (Deep Dwarf Fighter)             Turns: 698, Time: 00:02:40

Health: -2/27      AC:  6    Str: 19    XL:     2   Next: 96%
Magic:  2/2        EV:  7    Int:  8    God:
Gold:   38         SH:  9    Dex: 12    Spells: 1/1 levels left

rFire    . . .     SeeInvis .   a - +0 war axe
rCold    . . .     Gourm    .   c - +0 shield
rNeg     . . .     Faith    .   b - +0 scale mail
rPois    .         Spirit   .   (no helmet)
rElec    .         Reflect  .   (no cloak)
rCorr    .         Harm     .   (no gloves)
MR       .....                  (no boots)
Stlth    ..........             (no amulet)
HPRegen  0.00/turn              (no ring)
MPRegen  0.08/turn              (no ring)

@: non-regenerating, slowed, lightly drained, very slow
A: damage resistance, heal wounds, sense surroundings 1, no regeneration
a: Heal Wounds


You were on level 2 of the Dungeon.
You were not hungry.

You visited 1 branch of the dungeon, and saw 2 of its levels.

You collected 38 gold pieces.

Inventory:

Hand Weapons
 a - a +0 war axe (weapon)
Armour
 b - a +0 scale mail (worn)
 c - a +0 shield (worn)
Jewellery
 j - a +3 ring of intelligence {unknown}
Scrolls
 e - a scroll of teleportation {unknown}
 i - 3 scrolls of remove curse {unknown}
 k - a scroll of fear {unknown}
Potions
 d - a potion of might
 g - 2 potions of flight {unknown}
 h - a potion of haste {unknown}
 l - a potion of berserk rage {unknown}
Comestibles
 f - a ration


   Skills:
 - Level 2.6(2.5) Fighting
 + Level 3.6(3.4) Axes
 - Level 3.2(3.1) Armour
 + Level 0.9(0.7) Dodging
 + Level 0.3(0.2) Stealth
 - Level 3.2(3.1) Shields


You had one spell level left.
You didn't know any spells.
Your spell library was empty.

Dungeon Overview and Level Annotations

Branches:
Dungeon (2/15)

Altars:
Vehumet

Annotations:
D:2 Natasha


Innate Abilities, Weirdness & Mutations

You are resistant to damage.
You can heal yourself by infusing magical energy.
You passively map a small area around you.
You do not regenerate.


Message History

Natasha stares at you and mumbles some strange words.
You resist with some effort.
Natasha casts a spell.
Natasha mumbles some strange words.
You hit Natasha.
Natasha is almost dead.
Your shield and scale mail prevent you from hitting the shadow imp.
You closely miss the crimson imp. Natasha claws you but does no damage.
The shadow imp hits you.
* * * LOW HITPOINT WARNING * * *
The crimson imp blinks!
Natasha mumbles some strange words.
You block the shadow imp's attack.
You hit Natasha but do no damage.
Natasha is almost dead.
You slash the crimson imp! You hit the shadow imp. Natasha claws you.
You block the shadow imp's attack.
The crimson imp picks up a beetle and eats it.
The crimson imp hits you but does no damage.
Natasha claws you!
You die...

###.#.#
#.##)##.#*
#.._..#
#....†..#
* #.#.###
####.####
, #.5.# *
* #.# *
##.## *,
,..# #.# ,
#### * #.#
#######5#
#....h@5#
* * ,
#.#######
* * , ,, *
* ,* * * *
, * * *


You could see Natasha, 2 crimson imps and a shadow imp.

Vanquished Creatures
  An ooze (D:1)
  5 goblins
  4 hobgoblins
  A bat (D:1)
  4 frilled lizards (D:1)
  3 kobolds (D:1)
  7 rats
25 creatures vanquished.

Notes
Turn   | Place    | Note
-------+----------+-------------------------------------------
     0 | D:1      | Elellon the Deep Dwarf Fighter began the quest for the Orb.
     0 | D:1      | Reached XP level 1. HP: 20/20 MP: 1/1
   101 | D:1      | Reached XP level 2. HP: 24/27 MP: 2/2
   667 | D:2      | Found a radiant altar of Vehumet.
   689 | D:2      | Noticed Natasha
   697 | D:2      | Noticed a crimson imp
   698 | D:2      | Noticed a crimson imp
   698 | D:2      | Slain by Natasha

Levels and vault maps discovered:
D:1:      nzn_arrival_water_spiral, layout_loops_ring
D:2:      layout_loops_ring, lemuel_crystal_altar,
          gammafunk_temple_overflow_statue, first_ration, uniq_natasha

Skill      XL: |  1 |
---------------+----+-----
Axes           | 3 |  3.6
Fighting       | |  2.6
Armour         | |  3.2
Dodging        | |  0.9
Stealth        | |  0.3
Shields        | |  3.2

Action                   || total
-------------------------++-------
Melee: War axe           ||    97
 Stab: Distracted        ||     1
Armor: Scale mail        ||    41
Dodge: Dodged            ||    21
Block: Shield            ||    52
